 Dungeon Crawl Stone Soup version 0.22-a0-414-gacd343e8ff (webtiles) character file.

73 Manul the Slasher (level 4, -1/34 HPs)
             Began as a Demonspawn Gladiator on May 13, 2018.
             Slain by Natasha (2 damage)
             ... on level 2 of the Dungeon.
             The game lasted 00:01:32 (1315 turns).

Manul the Slasher (Demonspawn Gladiator)            Turns: 1315, Time: 00:01:33

Health: -1/34      AC:  7    Str: 14    XL:     4   Next: 8%
Magic:  4/4        EV: 11    Int: 10    God:
Gold:   118        SH:  0    Dex: 15    Spells: 3/3 levels left

rFire    . . .     SeeInvis .   p - +0 short sword (drain)
rCold    + . .     Gourm    .   (no shield)
rNeg     . . .     Faith    .   m - +0 ring mail
rPois    .         Spirit   .   (helmet restricted)
rElec    .         Reflect  .   (no cloak)
rCorr    .         Harm     .   (no gloves)
MR       .....                  (no boots)
Stlth    ++........             (no amulet)
HPRegen  0.11/turn              (no ring)
MPRegen  0.09/turn              (no ring)

@: slowed, drained, very slow
A: antennae 2, molten scales 1, cold resistance 1, nightstalker 1
a: no special abilities


You were on level 2 of the Dungeon.
You were hungry.

You visited 1 branch of the dungeon, and saw 2 of its levels.

You collected 118 gold pieces.

Inventory:

Hand Weapons
 a - a +0 long sword
 p - a +0 short sword of draining (weapon)
Missiles
 d - 3 throwing nets (quivered)
Armour
 b - a +0 leather armour
 c - a +0 helmet
 m - a +0 ring mail (worn)
Scrolls
 e - a scroll of fear {unknown}
 i - a scroll of enchant weapon {unknown}
 n - a scroll of identify {unknown}
 r - a scroll of remove curse {unknown}
Potions
 g - a potion of degeneration {unknown}
 j - a potion of flight
 k - a potion of heal wounds {unknown}
 l - a potion of invisibility {unknown}
Comestibles
 f - 5 rations
 q - 2 chunks of flesh


   Skills:
 + Level 2.4(1.4) Fighting
 + Level 3.5(2.5) Long Blades
 + Level 1.7(0.8) Throwing
 + Level 0.7(0.0) Armour
 + Level 3.3(2.3) Dodging
 + Level 0.5(0.0) Stealth


You had 3 spell levels left.
You didn't know any spells.
Your spell library was empty.

Dungeon Overview and Level Annotations

Branches:
Dungeon (2/15)

Altars:

Annotations:
D:2 Natasha


Innate Abilities, Weirdness & Mutations

You have a pair of antennae on your head.
You are partially covered in molten scales. (AC +2)
You are slightly more attuned to the shadows.
Your flesh is cold resistant. (rC+)


Message History

The worm bites you but does no damage.
You feel better.
Natasha claws you but does no damage. x2
The worm completely misses you.
It was a potion of mutation.
You feel extremely strange.
You feel resistant to cold.
The antennae on your head grow some more.
Natasha zaps a wand.
The puff of flame hits you!
It is a wand of flame (39).
You completely miss the worm.
The worm is heavily wounded.
Natasha closely misses you. The worm bites you but does no damage.
Natasha casts a spell.
You barely miss Natasha. The worm bites you but does no damage.
Natasha claws you.
* * * LOW HITPOINT WARNING * * *
Natasha stares at you and mumbles some strange words.
The magic dart hits you!
* * * LOW HITPOINT WARNING * * *
Natasha casts a spell at you. You resist with some effort. Natasha claws you.
You die...

#.# #.# #.# ##. ### #.#
# #.. ..# #.# $##..###
#.# #.## ......# #.#
#.รท## ##..#.# #.#
##..## #
###...#@###.#####...####
......hw...............+
###.........#.........##
##.##.#####.#....##.##
###... #.#...###.#
....#. #.........#
###.#.## ####.###### ##
# #####.## #.....[######


You could see a worm and Natasha.

Vanquished Creatures
  Jessica (D:2)
  An adder (D:2)
  An ooze (D:2)
  2 dart slugs (D:1)
  2 leopard geckos (D:2)
  2 giant cockroaches (D:1)
  A goblin (D:1)
  3 hobgoblins
  6 kobolds
  5 bats
  5 frilled lizards
  2 rats (D:1)
31 creatures vanquished.

Notes
Turn   | Place    | Note
-------+----------+-------------------------------------------
     0 | D:1      | Manul the Demonspawn Gladiator began the quest for the Orb.
     0 | D:1      | Reached XP level 1. HP: 16/16 MP: 1/1
     6 | D:1      | You fall through a shaft!
   161 | D:1      | Gained mutation: You are slightly more attuned to the shadows. [demonic ancestry]
   161 | D:1      | Reached XP level 2. HP: 18/22 MP: 2/2
   602 | D:2      | Noticed Jessica
   606 | D:2      | Killed Jessica
   606 | D:2      | Gained mutation: You have a pair of small antennae on your head. [demonic ancestry]
   606 | D:2      | Reached XP level 3. HP: 9/27 MP: 3/3
  1212 | D:2      | Gained mutation: You are partially covered in molten scales. (AC +2) [demonic ancestry]
  1212 | D:2      | Reached XP level 4. HP: 29/34 MP: 4/4
  1301 | D:2      | Noticed Natasha
  1311 | D:2      | Gained mutation: Your flesh is cold resistant. (rC+) [potion of mutation]
  1311 | D:2      | Gained mutation: You have a pair of antennae on your head. [potion of mutation]
  1314 | D:2      | HP: 1/34 [Natasha/magic dart (5)]
  1315 | D:2      | Slain by Natasha

Vault maps used:
D:1:      zelgadis_glass_arrival_small
D:2:      cheibrodos_helix_gallery, kennysheep_generic_room_16, uniq_jessica,
          uniq_natasha

Skill      XL: |  1  2 |
---------------+-------+-----
Dodging        | 3 |  3.3
Long Blades    | 3 |  3.5
Fighting       | |  2.4
Throwing       | |  1.7
Armour         | |  0.7
Stealth        | |  0.5

Action                   |  1- 3 |  4- 6 || total
-------------------------+-------+-------++-------
Melee: Long sword        |    82 |       ||    82
       Short sword       |    15 |    11 ||    26
  Use: Potion            |     2 |     2 ||     4
 Stab: Sleeping          |     4 |     2 ||     6
  Eat: Chunk             |     1 |       ||     1
Armor: Leather armour    |    28 |       ||    28
       Ring mail         |    17 |     8 ||    25
Dodge: Dodged            |    83 |     6 ||    89
       Rpst.: Long sword |    25 |       ||    25

Table legend:
 A = Spawn XP
 B = Non-spawn XP
 C = Spawn XP percentage of total XP
 D = Spawn monster count
 E = Non-spawn monster count
 F = Spawn count percentage of total count
 G = Total turns spent on level
                    A         B        C        D         E        F      G
               +---------+---------+-------+---------+---------+-------+---------
         Total |       0 |     105 |   0.0 |       0 |      31 |   0.0 |  1315
               +---------+---------+-------+---------+---------+-------+---------
           D:1 |       0 |      29 |   0.0 |       0 |      17 |   0.0 |   511
           D:2 |       0 |      76 |   0.0 |       0 |      14 |   0.0 |   804
               +---------+---------+-------+---------+---------+-------+---------
